 Dungeon Crawl Stone Soup version 0.20.1-1-g8b1a95d66d (webtiles) character file.

18 Ivernyr the Ogre Mage (level 2, -6/26 HPs)
             Began as an Ogre Wizard on Dec 15, 2017.
             Mangled by a worm (7 damage)
             ... on level 2 of the Dungeon.
             The game lasted 00:04:35 (1338 turns).

Ivernyr the Ogre Mage (Ogre Wizard)                 Turns: 1338, Time: 00:04:35

Health: -6/26      AC:  3    Str: 10    XL:     2   Next: 66%
Magic:  1/7        EV: 10    Int: 19    God:
Gold:   78         SH:  0    Dex:  7    Spells: 6/9 levels left

rFire    . . .     SeeInvis .   (no weapon)
rCold    . . .     Gourm    .   (no shield)
rNeg     . . .     Faith    .   a - +0 robe
rPois    .         Spirit   .   b - +0 hat
rElec    .         Reflect  .   (no cloak)
rCorr    .         Harm     .   (gloves unavailable)
MR       .....                  (boots unavailable)
Stlth    +.........             (no amulet)
Regen    0.1/turn               (no ring)
MPRegen  0.1/turn               (no ring)

@: no status effects
A: unfitting armour, tough skin 1
a: no special abilities


You were on level 2 of the Dungeon.
You were not hungry.

You visited 1 branch of the dungeon, and saw 2 of its levels.

You collected 78 gold pieces.

Inventory:

Armour
 a - a +0 robe (worn)
 b - a +0 hat (worn)
Scrolls
 e - a scroll of blinking {unknown}
 h - a scroll of enchant armour {unknown}
 j - a scroll of identify {unknown}
Potions
 i - a potion of magic {unknown}
 k - a potion of brilliance {unknown}
Books
 c - a book of Minor Magic

   Spells                             Type                      Level
   a - Magic Dart                     Conjuration                  1
   b - Blink                          Translocation                2
   c - Call Imp                       Summoning                    2
   d - Slow                           Hexes                        2
   e - Conjure Flame                  Conjuration/Fire             3
   f - Mephitic Cloud                 Conjuration/Poison/Air       3
Comestibles
 d - a bread ration
 f - a royal jelly
 g - a fruit


   Skills:
 + Level 0.3 Fighting
 - Level 2.0 Dodging
 - Level 1.4 Stealth
 * Level 4.1 Spellcasting
 + Level 1.2 Conjurations
   Level 0.8 Summonings
 - Level 0.8 Translocations


You had 6 spell levels left.
You knew the following spells:

 Your Spells              Type           Power        Failure   Level  Hunger
a - Magic Dart            Conj           #...         9%          1    None
b - Blink                 Tloc           N/A          14%         2    ##.....


Dungeon Overview and Level Annotations

Branches:
Dungeon (2/15)

Altars:

Annotations:
D:2 Sigmund


Innate Abilities, Weirdness & Mutations

You are too large for most types of armour.
You have tough skin. (AC +1)


Message History

The magic dart hits the worm.
The worm is almost dead.
You hit the worm but do no damage.
The worm is almost dead.
The worm bites you.
You hit the worm but do no damage.
The worm is severely wounded.
The worm barely misses you.
You barely miss the worm.
The worm is severely wounded.
You barely miss the worm.
The worm is severely wounded.
The worm bites you!
* * * LOW HITPOINT WARNING * * *
You hit the worm but do no damage.
The worm is severely wounded.
You barely miss the worm.
The worm is severely wounded.
The worm bites you!
You die...

# #....##...# ..#
#.#....##...####w....
#................#..#
###....#....####.# ####.#....#
##.# #.#....##...##†..#..# ..
#.#.......####.#.#..##
..#########.#...w..............
............#...@..######..#..#
............#......######.....#
........................##....#
.)......########...####.##....#
........# #...####.##....###
........# ..........(.......
........# #...####.###)..###
........## ###.. #.# ##..#
.........####### ... #<# #..###


You could see a worm.

Vanquished Creatures
  A dart slug (D:1)
  A leopard gecko (D:1)
  2 goblins (D:1)
  2 hobgoblins (D:1)
  A jackal (D:1)
  3 kobolds (D:2)
  2 bats
  2 frilled lizards
  2 rats (D:1)
16 creatures vanquished.

Notes
Turn   | Place    | Note
-------+----------+-------------------------------------------
     0 | D:1      | Ivernyr the Ogre Wizard began the quest for the Orb.
     0 | D:1      | Reached XP level 1. HP: 16/16 MP: 5/5
    96 | D:1      | Reached skill level 1 in Conjurations
   226 | D:1      | Reached skill level 4 in Spellcasting
   226 | D:1      | Reached XP level 2. HP: 24/24 MP: 2/7
   235 | D:1      | Learned a level 2 spell: Blink
   863 | D:2      | Noticed Sigmund
  1336 | D:2      | HP: 1/26 [worm (12)]
  1338 | D:2      | Mangled by a worm

Skill      XL: |  1  2 |
---------------+-------+-----
Conjurations   | 1 |  1.2
Spellcasting   | 4 |  4.1
Dodging        | 2 |  2.0
Fighting       | |  0.3
Stealth        | |  1.4
Summonings     | |  0.8
Translocations | |  0.8

Action                   || total
-------------------------++-------
Melee: Unarmed           ||    20
 Cast: Magic Dart        ||    52
  Eat: Chunk             ||     1
Armor: Robe              ||     3
Dodge: Dodged            ||    17
